 Dungeon Crawl Stone Soup version 0.21.1-1-g345015f (webtiles) character file.

2068 Verr the Covert (level 9, -7/51 HPs)
             Began as an Octopode Enchanter on Mar 4, 2018.
             Was an Initiate of Nemelex Xobeh.
             Shot with a sling bullet by Joseph (12 damage)
             ... on level 7 of the Dungeon.
             The game lasted 00:53:47 (9079 turns).

Verr the Covert (Octopode Enchanter)                Turns: 9079, Time: 00:53:47

Health: -7/51      AC:  2    Str:  8      XL:     9   Next: 26%
Magic:  1/18       EV: 13    Int: 19      God:    Nemelex Xobeh [......]
Gold:   269        SH:  0    Dex: 10 (13) Spells: 10/20 levels left

rFire    . . .     SeeInvis .   a - +2 dagger (drain)
rCold    . . .     Gourm    .   (no shield)
rNeg     . . .     Faith    .   (helmet restricted)
rPois    +         Spirit   .   G - amulet of harm
rElec    .         Reflect  .   r - ring of poison resistance
rCorr    .         Harm     +   z - +1 ring of protection
MR       .....                  (no ring)
Stlth    +++++.....             (no ring)
HPRegen  0.17/turn              (no ring)
MPRegen  0.16/turn              (no ring)
                                (no ring)
                                (no ring)

@: very slightly contaminated
A: almost no armour, stealthy swim, amphibious, 8 rings, constrict 8, camouflage
1, gelatinous body 1
a: Renounce Religion


You were on level 7 of the Dungeon.
You worshipped Nemelex Xobeh.
Nemelex Xobeh was noncommittal.
You were hungry.

You visited 1 branch of the dungeon, and saw 7 of its levels.

You collected 269 gold pieces.

Inventory:

Hand Weapons
 a - a +2 dagger of draining (weapon)
 b - a +0 hunting sling
 l - a +0 trident
 q - a +0 falchion
 t - a +4 falchion
 H - a +0 scimitar
 J - a +2 whip of flaming
 L - a +0 short sword of holy wrath
Missiles
 h - 38 bolts
 i - 54 sling bullets
 p - 111 stones
 A - a throwing net (quivered)
Jewellery
 r - a ring of poison resistance (left tentacle)
 z - a +1 ring of protection (right tentacle)
 G - an amulet of harm (around mantle)
 N - an uncursed ring of resist corrosion {unknown}
Wands
 w - a wand of scattershot (5)
 I - a wand of polymorph (12)
Scrolls
 e - 3 scrolls of remove curse
 n - a scroll of blinking
 s - a scroll of identify
 u - 2 scrolls of magic mapping
 y - a scroll of enchant armour
 D - a scroll of teleportation
 M - a scroll of enchant weapon
Potions
 d - a potion of berserk rage {unknown}
 f - a potion of agility {unknown}
 g - a potion of resistance {unknown}
 j - 2 potions of curing
 k - a potion of cancellation {unknown}
 m - a potion of might {unknown}
 v - a potion of lignification
 x - a potion of invisibility
 B - 2 potions of brilliance {unknown}
 C - a potion of flight {unknown}
 F - 2 potions of haste {unknown}
Books
 o - a book of Maledictions

   Spells                             Type                      Level
   a - Corona                         Hexes                        1
   b - Ensorcelled Hibernation        Hexes/Ice                    2
   c - Confuse                        Hexes                        3
   d - Tukima's Dance                 Hexes                        3
   e - Dazzling Spray                 Conjuration/Hexes            3
 E - Meuzul's Disquisition on Evil Rites and Stones
   (You found it on level 6 of the Dungeon)

   Spells                             Type                      Level
   a - Sandblast                      Earth                        1
   b - Animate Skeleton               Necromancy                   1
   c - Pain                           Necromancy                   1
   d - Stone Arrow                    Conjuration/Earth            3
   e - Animate Dead                   Necromancy                   4
   f - Bolt of Draining               Conjuration/Necromancy       5
   g - Borgnjor's Vile Clutch         Necromancy/Earth             5
Miscellaneous
 K - a plain deck of destruction {drawn: 1}
Comestibles
 c - 13 rations


   Skills:
 + Level 5.1 Short Blades
 - Level 2.0 Dodging
 + Level 8.6 Stealth
 * Level 6.3 Spellcasting
 * Level 6.3 Hexes
 + Level 3.5 Evocations


You had 10 spell levels left.
You knew the following spells:

 Your Spells              Type           Power        Failure   Level  Hunger
a - Corona                Hex            ####...      1%          1    None
b - Ensorcelled Hibernat  Hex/Ice        ###...       4%          2    None
c - Confuse               Hex            ####....     2%          3    ##.....
d - Dazzling Spray        Conj/Hex       ###...       9%          3    ##.....
e - Animate Skeleton      Necr           N/A          11%         1    None


Dungeon Overview and Level Annotations

Branches:
Dungeon (7/15)             Temple (0/1) D:7

Altars:
Ashenzari
Nemelex Xobeh
Ru
Xom

Annotations:
D:5 jazmu's ghost, novice DsFE
D:7 Joseph


Innate Abilities, Weirdness & Mutations

You cannot wear most types of armour.
You are very stealthy in the water. (Stealth+)
You are amphibious.
You can wear up to eight rings at the same time.
You can use your tentacles to constrict eight enemies at once.
Your skin changes colour to match your surroundings (Stealth+).
Your rubbery body absorbs attacks. (AC +1, EV +1)


Message History

The floor.
You hit Joseph but do no damage. You drain Joseph!
Joseph is moderately wounded.
You constrict Joseph. You completely miss Joseph.
Joseph is moderately wounded.
You constrict Joseph.
Joseph hits you with an uncursed quarterstaff!
* * * LOW HITPOINT WARNING * * *
Blink to where?
Press: ? - help, Dir - move target cursor, p - Joseph You lose your grip on Joseph.
You are very lightly contaminated with residual magic.
As you read the scroll of blinking, it crumbles to dust.
Joseph unwields an uncursed quarterstaff.
Joseph wields an uncursed hunting sling.
Joseph shoots a sling bullet.
The sling bullet barely misses you.
Joseph shoots a sling bullet.
The sling bullet hits you!
You die...
Your body disappears without a glow.

###....# *,* *,* #.#
.......# #.* *,* #.#
####.### *<* #.* #.# *
#.# #.###.# #.# *
#.##########..##.# #.#
* #..........##.##.##
#<#
##########.##.#...###.#
#.##......##.#
**#######.##@......#.#
*,.........(.....(...#
*,##.#..#..#.....(.###
*,##.##.##.##.....##
*.#.........#.....#
*........§....#.#.#
*,#..⌠..@⌠..#.###.#
*.#.........#.# #.#
*......>......# #.#


You could see Joseph.

Vanquished Creatures
  Pikel (D:6)
  2 black bears
  An orc warrior (D:6)
  2 ice beasts
  A phantom (D:6)
  A centaur (D:6)
  An ogre (D:5)
  2 bullfrogs
  2 scorpions
  2 howler monkeys (D:4)
  A quasit (D:7)
  Crazy Yiuf (D:4)
  A jelly (D:7)
  4 orc wizards
  5 hounds
  An iguana (D:4)
  2 worker ants
  A howler monkey skeleton (D:4)
  3 gnolls (D:2)
  8 adders
  An adder skeleton (D:4)
  4 worms
  A dart slug (D:3)
  6 leopard geckos
  12 orcs
  7 bats
  6 giant cockroaches
  7 goblins
  6 hobgoblins
  5 jackals
  5 quokkas
  3 ball pythons
  6 frilled lizards
  A jackal skeleton (D:7)
  4 kobolds
  A leopard gecko skeleton (D:4)
  4 rats
121 creatures vanquished.

Vanquished Creatures (others)
  An ogre (D:6)
  A scorpion (D:4)
  An adder (D:4)
  A leopard gecko (D:4)
  2 orcs (D:4)
6 creatures vanquished.

Grand Total: 127 creatures vanquished

Notes
Turn   | Place    | Note
-------+----------+-------------------------------------------
     0 | D:1      | Verr the Octopode Enchanter began the quest for the Orb.
     0 | D:1      | Reached XP level 1. HP: 11/11 MP: 3/3
   309 | D:1      | Reached XP level 2. HP: 17/17 MP: 5/5
   625 | D:1      | Learned a level 2 spell: Ensorcelled Hibernation
  1405 | D:2      | Reached XP level 3. HP: 21/21 MP: 3/6
  1588 | D:2      | Learned a level 3 spell: Confuse
  1883 | D:2      | Reached XP level 4. HP: 23/27 MP: 2/8
  1971 | D:2      | Found a sparkling altar of Nemelex Xobeh.
  2156 | D:2      | Reached skill level 5 in Stealth
  2591 | D:2      | Reached XP level 5. HP: 31/31 MP: 6/9
  2660 | D:2      | Learned a level 3 spell: Dazzling Spray
  4150 | D:4      | Reached XP level 6. HP: 25/36 MP: 4/11
  4233 | D:4      | Reached skill level 6 in Stealth
  4450 | D:4      | Found a shimmering altar of Xom.
  5210 | D:4      | Reached XP level 7. HP: 38/41 MP: 12/12
  5345 | D:4      | Found a runed door.
  5349 | D:4      | Noticed Crazy Yiuf
  5353 | D:4      | Killed Crazy Yiuf
  5391 | D:5      | Entered Level 5 of the Dungeon
  5570 | D:5      | Reached skill level 7 in Stealth
  5570 | D:5      | Reached skill level 5 in Hexes
  5641 | D:5      | Noticed jazmu's ghost (novice DsFE)
  6418 | D:2      | Became a worshipper of Nemelex Xobeh the Trickster
  6587 | D:6      | Received a gift from Nemelex Xobeh
  6587 | D:6      | Noticed Pikel
  6630 | D:6      | Identified Meuzul's Disquisition on Evil Rites and Stones
  6700 | D:6      | Reached XP level 8. HP: 46/46 MP: 11/14
  6782 | D:6      | Reached skill level 1 in Evocations
  6883 | D:6      | Reached skill level 5 in Spellcasting
  7456 | D:6      | Killed Pikel
  7456 | D:6      | Reached skill level 8 in Stealth
  7646 | D:6      | Reached XP level 9. HP: 51/51 MP: 14/17
  7687 | D:6      | Found a sacrificial altar of Ru.
  7836 | D:7      | Found a staircase to the Ecumenical Temple.
  7838 | D:7      | Noticed Joseph
  8518 | D:7      | Learned a level 1 spell: Animate Skeleton
  8585 | D:7      | Found a shattered altar of Ashenzari.
  8725 | D:7      | Reached skill level 5 in Short Blades
  9079 | D:7      | Shot with a sling bullet by Joseph

Skill      XL: |  1  2  3  4  5  6  7  8  9 |
---------------+----------------------------+-----
Stealth        | 5 6 7 8 |  8.6
Spellcasting   | 3 4 5 6 |  6.3
Short Blades   | 2 3 4 5 |  5.1
Hexes          | 4 5 6 |  6.3
Evocations     | 3 |  3.5
Dodging        | |  2.0

Action                   |  1- 3 |  4- 6 |  7- 9 || total
-------------------------+-------+-------+-------++-------
Melee: Dagger            |    59 |   115 |    88 ||   262
       Constrict         |    14 |    24 |     9 ||    47
       Tentacles         |     6 |    16 |     5 ||    27
       Unarmed           |       |       |     5 ||     5
 Fire: Hunting sling     |       |       |     1 ||     1
 Cast: Corona            |     3 |       |       ||     3
       Ensorcelled Hiber |    15 |     9 |    23 ||    47
       Confuse           |     1 |     8 |    19 ||    28
       Dazzling Spray    |       |    22 |    12 ||    34
Evoke: Wand              |       |       |     2 ||     2
       Deck              |       |       |     1 ||     1
  Use: Scroll            |       |     8 |     7 ||    15
       Potion            |       |     1 |     2 ||     3
 Stab: Sleeping          |    13 |    16 |    18 ||    47
       Distracted        |     1 |       |     2 ||     3
       Confused          |       |     3 |       ||     3
       Invisible         |       |     1 |     2 ||     3
  Eat: Ration            |     1 |     1 |     5 ||     7
       Chunk             |     1 |    12 |     3 ||    16
Armor: Skin              |     9 |    10 |    13 ||    32
Dodge: Dodged            |    41 |    70 |    79 ||   190
